 Dungeon Crawl Stone Soup version 0.28-a0-1510-gd0f6b136d3 (webtiles) character file.

Game seed: 9789968677560744473

8 psuckher the Skirmisher (level 2, -2/27 HPs)
             Began as a Draconian Chaos Knight on Jan 14, 2022.
             Was a Plaything of Xom.
             Slain by a goblin (4 damage)
             ... on level 1 of the Dungeon.
             The game lasted 00:02:24 (353 turns).

psuckher the Skirmisher (Draconian Chaos Knight)     Turns: 353, Time: 00:02:24

Health: -2/27      AC:  4    Str: 14    XL:     2   Next: 0%
Magic:  1/1        EV:  9    Int: 12    God:    Xom [.*....]
Gold:   56         SH:  0    Dex: 10    Spells: 1/1 levels left

rFire   . . .      SeeInvis .   a - +0 falchion (chaos)
rCold   . . .      Faith    .   (no shield)
rNeg    . . .      Spirit   .   (armour unavailable)
rPois   .          Reflect  .   (helmet restricted)
rElec   .          Harm     .   (no cloak)
rCorr   .          Rampage  .   (no gloves)
Will    .....                   (no boots)
Stlth   +.........              (no amulet)
HPRegen 0.09/turn               (no ring)
MPRegen 0.07/turn               (no ring)

@: constricted, unable to read
A: AC +4, unfitting armour, cold-blooded, low mp 1, mutation resistance 1,
inability to read while threatened
a: Renounce Religion


You were on level 1 of the Dungeon.
You worshipped Xom.
You were a plaything of Xom.
You visited 1 branch of the dungeon, and saw 1 of its levels.

You collected 56 gold pieces.

Inventory:

Hand Weapons
 a - a +0 falchion of chaos (weapon)
Scrolls
 b - a scroll of identify


   Skills:
 + Level 3.7 Fighting
 + Level 3.0 Long Blades
 + Level 2.2 Dodging


You had one spell level left.
You didn't know any spells.
Your spell library was empty.

Dungeon Overview and Level Annotations

Branches:
Dungeon (1/15)

Altars:


Innate Abilities, Weirdness & Mutations

Your plain brown scales are hard. (AC +4)
You cannot fit into any form of body armour.
You are cold-blooded and may be slowed by cold attacks.
Your magical capacity is low. (-10% MP)
You are somewhat resistant to further mutation.
You sometimes lose the ability to read scrolls when taking damage.


Message History

The goblin barely misses you. The jackal bites you.
You closely miss the jackal. The jackal closely misses you.
The goblin hits you but does no damage.
You completely miss the jackal.
The jackal bites you but does no damage.
The goblin hits you with a +0 club. The jackal completely misses you.
You closely miss the jackal. The jackal completely misses you.
The goblin hits you but does no damage.
The ball python bites you but does no damage.
The ball python misses you.
An endoplasm comes into view.
You barely miss the jackal.
The jackal bites you but does no damage.
The goblin hits you with a +0 club. The ball python misses you.
The ball python barely misses you. The jackal bites you.
* * * LOW HITPOINT WARNING * * *
The goblin completely misses you. The ball python closely misses you.
The ball python barely misses you.
As you read the scroll labelled OPLUX CASK, it crumbles to dust.
It is a scroll of identify.
c - a potion of mutation The jackal misses you.
The ball python barely misses you. The ball python grabs you.
The ball python constricts you.
* * * LOW HITPOINT WARNING * * *
The goblin misses you.
You feel extremely strange.
You feel less energetic.
You lose the ability to read scrolls when threatened.
You feel genetically stable.
The jackal bites you but does no damage.
The ball python misses you. The ball python constricts you.
The jackal bites you.
You feel threatened and lose the ability to read scrolls!
* * * LOW HITPOINT WARNING * * *
The goblin barely misses you.
You hit the jackal. You freeze the jackal.
You kill the jackal!
The ball python barely misses you. The ball python constricts you.
The goblin hits you with a +0 club.
You die...

#......... ...?..$. .. .......
h #..!.. . #....#.#
#....#.###. #.g.S...... ....
#@.#.# .......
#############.##.###. .......
#.........)#......... ......
#........)....##.#######.#.#
#..........................###
#######.......................
###.#####.†.##.....#####
#.#####...............
#.##......##.....#####


You could see a goblin and a ball python.

Vanquished Creatures
  A giant cockroach (D:1)
  2 goblins (D:1)
  A jackal (D:1)
  A ball python (D:1)
  3 bats (D:1)
  A frilled lizard (D:1)
  A rat (D:1)
10 creatures vanquished.

Notes
Turn   | Place    | Note
-------+----------+-------------------------------------------
     0 | D:1      | psuckher the Draconian Chaos Knight began the quest for the
                  | Orb.
     0 | D:1      | Reached XP level 1. HP: 19/19 MP: 1/1
    26 | D:1      | XOM: silly message
    67 | D:1      | XOM: silly message
   106 | D:1      | XOM: scenery: 1 doors close
   310 | D:1      | XOM: noise
   335 | D:1      | Reached XP level 2. HP: 17/27 MP: 2/2
   352 | D:1      | Gained mutation: Your magical capacity is low. (-10% MP)
                  | [potion of mutation]
   352 | D:1      | Gained mutation: You sometimes lose the ability to read
                  | scrolls when taking damage. [potion of mutation]
   352 | D:1      | Gained mutation: You are somewhat resistant to further
                  | mutation. [potion of mutation]
   353 | D:1      | Slain by a goblin

Illustrated notes

Levels and vault maps discovered:
D:1:      dpeg_arrival_concentric_ovals, layout_rooms

Action                   || total
-------------------------++-------
Melee: Falchion          ||    34
       Tailslap          ||     3
  Use: Scroll            ||     1
       Potion            ||     1
Armor: Skin              ||    18
Dodge: Dodged            ||    57

Table legend: (Time is in decaauts)
 A = Elapsed time spent in this place.
 B = Non-inter-level travel time spent in this place.
 C = Inter-level travel time spent in this place.
 D = Time resting spent in this place.
 E = Time spent auto-exploring this place.
 F = Levels seen in this place.
 G = Mean time per level.
                   A        B        C        D        E       F      G
               +--------+--------+--------+--------+--------+-----+--------+
         Total |    357 |    321 |     36 |      0 |      0 |   1 |  357.0 |
       Dungeon |    357 |    321 |     36 |      0 |      0 |   1 |  357.0 |
               +--------+--------+--------+--------+--------+-----+--------+

Top non-repeatable levels by time:
     D:1: 357 daAuts
